 Dungeon Crawl Stone Soup version 0.17-a0-2208-ge5ab1d3 (webtiles) character file.

99 Duffy the Magician (level 4, 0/21 HPs)
             Began as a Spriggan Earth Elementalist on Oct 26, 2015.
             Slain by a worm (7 damage)
             ... on level 2 of the Dungeon.
             The game lasted 00:05:00 (3853 turns).

Duffy the Magician (Spriggan Earth Elementalist)    Turns: 3853, Time: 00:05:01

Health: 0/21       AC:  2    Str:  7    XL:     4   Next: 45%
Magic:  8/11       EV: 18    Int: 17    God:
Gold:   94         SH:  0    Dex: 16    Spells: 3 memorised, 5 levels left

rFire  . . .     SeeInvis +     c - book of Geomancy
rCold  . . .     Clarity  .     b - +0 robe
rNeg   . . .     SustAt   .     (shield restricted)
rPois  .         Gourm    .     (helmet restricted)
rElec  .         Spirit   .     (no cloak)
rCorr  .         Warding  .     (gloves unavailable)
rMut   +         Stasis   .     (boots unavailable)
MR     .....                    e - amulet of resist mutation
Stlth  +++.......               (no ring)
                                m - +3 ring of strength

@: very quick, not resistant to hostile enchantments, fairly stealthy
A: unfitting armour, see invisible, herbivore 3, speed 3, slow metabolism 2
a: no special abilities


You were on level 2 of the Dungeon.
You were hungry.

You visited 1 branch of the dungeon, and saw 3 of its levels.

You collected 94 gold pieces.


Innate Abilities, Weirdness & Mutations

You are tiny and cannot use many weapons and most armour.
You have supernaturally acute eyesight.
You are a herbivore.
You cover ground extremely quickly.
You need consume almost no food.


   Skills:
 - Level 3.0 Dodging
 - Level 3.0 Stealth
 + Level 4.5 Spellcasting
 - Level 1.3 Transmutations
 + Level 3.9 Earth Magic


You had 5 spell levels left.
You knew the following spells:

 Your Spells              Type           Power        Failure   Level  Hunger
a - Sandblast             Erth           ###...       2%          1    None
c - Stone Arrow           Conj/Erth      ##....       21%         3    ###....
P - Passwall              Trmt/Erth      ##........   17%         3    ###....

Inventory:

Missiles
 a - 241 stones (quivered)
 i - 20 poisoned needles
Armour
 b - a +0 robe (worn)
Jewellery
 e - an amulet of resist mutation (around neck)
 m - a +3 ring of strength (left hand)
Wands
 j - a wand of random effects (16)
Scrolls
 g - a scroll of random uselessness {unknown}
 h - a scroll of immolation {unknown}
Potions
 f - 4 potions of curing
 l - 2 potions of cancellation {unknown}
Books
 c - a book of Geomancy (in hand)
Comestibles
 d - 3 bread rations
 k - a slice of pizza

Dungeon Overview and Level Annotations

Branches:
Dungeon (3/15)

Altars:


Message History

Cast which spell? (? or * to list)
You don't have enough magic to cast that spell.
Cast which spell? (? or * to list)
You don't have enough magic to cast that spell.
Cast which spell? (? or * to list)
You don't have enough magic to cast that spell.
Cast which spell? (? or * to list)
You don't have enough magic to cast that spell.
There is a stone staircase leading up here.
You climb upwards.
There is a stone staircase leading down here.
You are feeling hungry.
You climb downwards.
There is a stone staircase leading up here.
Cast which spell? (? or * to list)
Aiming: Sandblast
Press: ? - help, Shift-Dir - straight line, f - worm
Aim: a worm The blast of sand hits the worm.
The worm is heavily wounded.
Cast which spell? (? or * to list)
Aiming: Sandblast
Press: ? - help, Shift-Dir - straight line, f/p - worm
Aim: a worm (heavily wounded)
The blast of sand hits the worm.
The worm is heavily wounded.
The worm bites you!
Cast which spell? (? or * to list)
Aiming: Sandblast
Press: ? - help, Shift-Dir - straight line, f/p - worm
Aim: a worm (heavily wounded)
The blast of sand hits the worm.
The worm is severely wounded.
The worm bites you!
You die...

.....#.#..#.......### #..#....
.........#..##......## #.......
...<.....#.###.......## #.......
..##)......##.........# #.......
...........##.....(...# ##.......
...#.......##.........# #........
#.###...#.....<.......###.....†..
#..###..#.##.#..............†....
##.# ##.#.##.##.@w..#............
#.## #...##......##.............
#.)####..#####....#.............
##...###.## #..................
###.##...## ##...##.....#......
#.....#..## ######....w#......
#.)...###..###...)........w....
#.....# ##...[.###.........)###
#.....# ####### #........>....


You could see a worm.

Action                   |  1- 3 |  4- 6 || total
-------------------------+-------+-------++-------
Melee: Unarmed           |       |     2 ||     2
 Cast: Sandblast         |   121 |    61 ||   182

Notes
Turn   | Place    | Note
--------------------------------------------------------------
     0 | D:1      | Duffy the Spriggan Earth Elementalist began the quest for the Orb.
     0 | D:1      | Reached XP level 1. HP: 9/9 MP: 5/5
   361 | D:1      | Reached skill level 3 in Spellcasting
   408 | D:1      | Reached skill level 3 in Earth Magic
   408 | D:1      | Reached XP level 2. HP: 13/13 MP: 4/7
  1801 | D:1      | Reached XP level 3. HP: 8/16 MP: 1/9
  1959 | D:1      | Learned a level 3 spell: Passwall
  1963 | D:1      | Learned a level 3 spell: Stone Arrow
  2237 | D:2      | Reached skill level 4 in Spellcasting
  2820 | D:1      | Reached XP level 4. HP: 6/21 MP: 3/11
  3853 | D:2      | Slain by a worm

Vault maps used:
D:1:      dpeg_arrival_court
D:2:      kennysheep_goblin_castle, amethyst_overflow_temple_binary, first_bread
D:3:      grunt_dithmenos_smoke, grunt_qazlal_clouds

Vanquished Creatures
  4 adders
  A giant gecko
  4 bats
  3 giant cockroaches
  9 hobgoblins
  7 jackals
  8 kobolds
  2 ball pythons
  18 goblins
  5 rats
61 creatures vanquished.
